 Dungeon Crawl Stone Soup version 0.24-a0-516-g9de272bb65 (webtiles) character file.

Game seed: 264463972635783913

137 Azzok the Firebug (level 5, 36/36 HPs)
             Began as a Demonspawn Fire Elementalist on July 21, 2019.
             Quit the game on level 2 of the Dungeon.
             The game lasted 00:03:09 (2994 turns).

Azzok the Firebug (Demonspawn Fire Elementalist)    Turns: 2994, Time: 00:03:10

Health: 36/36      AC:  3    Str:  8    XL:     5   Next: 0%
Magic:  9/9        EV: 12    Int: 18    God:
Gold:   93         SH:  0    Dex: 13    Spells: 2/10 levels left

rFire    . . .     SeeInvis .   (no weapon)
rCold    . . .     Gourm    .   (no shield)
rNeg     . . .     Faith    .   a - +0 robe
rPois    .         Spirit   .   (helmet restricted)
rElec    .         Reflect  .   (no cloak)
rCorr    .         Harm     .   (no gloves)
MR       .....                  (no boots)
Stlth    ++........             (no amulet)
HPRegen  0.12/turn              (no ring)
MPRegen  0.11/turn              (no ring)

@: no status effects
A: antennae 1, rugged brown scales 1, spiny 1
a: no special abilities


You were on level 2 of the Dungeon.
You were not hungry.

You visited 1 branch of the dungeon, and saw 2 of its levels.

You collected 93 gold pieces.

Inventory:

Armour
 a - a +0 robe (worn)
Scrolls
 b - a scroll of noise {unknown}
 e - a scroll of remove curse {unknown}
 f - a scroll of enchant armour {unknown}
 h - a scroll of fog {unknown}
 i - a scroll of amnesia {unknown}
Potions
 d - a potion of resistance {unknown}
 g - a potion of flight {unknown}
 j - a potion of heal wounds {unknown}
 l - a potion of curing {unknown}
Comestibles
 c - 3 rations
 k - a chunk of flesh


   Skills:
 - Level 1.7 Dodging
 - Level 1.7 Stealth
 + Level 3.2 Spellcasting
 + Level 2.8 Conjurations
 + Level 3.6 Fire Magic


You had 2 spell levels left.
You knew the following spells:

 Your Spells              Type           Power        Failure   Level  Hunger
a - Flame Tongue          Conj/Fire      ##...        4%          1    None
b - Conjure Flame         Conj/Fire      ##......     12%         3    ###....
c - Sticky Flame          Conj/Fire      ##......     38%         4    ####...

Your spell library contained the following spells:

 Spells                   Type           Power        Failure   Level  Hunger
 Throw Flame              Conj/Fire      ##....       6%          2    ##.....
 Inner Flame              Hex/Fire       #.......     22%         3    ###....
 Fireball                 Conj/Fire      ##........   75%         5    ######.


Dungeon Overview and Level Annotations

Branches:
Dungeon (2/15)

Altars:
Ru
Yredelemnul


Innate Abilities, Weirdness & Mutations

You have a pair of small antennae on your head.
You are partially covered in rugged brown scales. (AC +1, +3% HP)
You are partially covered in sharp spines.


Message History

Aim: a leopard gecko (moderately wounded, clinging)
The flame tongue hits the leopard gecko!
You kill the leopard gecko!
You have reached level 5!
Your demonic ancestry asserts itself...
Sharp spines emerge from parts of your body.
You butcher the leopard gecko corpse.
k - 5 chunks of flesh (gained 1)
You see here a leopard gecko skeleton. x2
You open the door.
There is an open door here.
There is an open door here.
You now have 93 gold pieces (gained 16).
Some of the chunks of flesh in your inventory have rotted away.
There is an open door here.
There is an open door here.
Some of the chunks of flesh in your inventory have rotted away.
A dart slug comes into view.
A dart slug is nearby!
Are you sure you want to abandon this character and quit the game? (Confirm with "yes".)

▒· ·· ▒w ·· ▒·▒▒··▒
▒·▒···▒ ▒▒╬▒
▒·▒·▒·▒ ▒▒···▒▒
▒·▒·▒·▒ ▒▒·····▒
▒·▒·▒·▒▒ ▒▒·······
▒·@····▒▒▒▒(·······
▒▒▒·······╬········
▒····▒▒▒▒········
▒▒▒··▒ ▒·······
▒▒·▒ ▒▒·····▒ ▒·▒
▒▒···▒▒ ▒·▒ ▒▒'▒▒
▒·▒ ▒·▒
▒·▒▒▒▒▒▒▒▒·▒


You could see a dart slug (sleeping).

Vanquished Creatures
  An iguana (D:2)
  A worker ant (D:2)
  Robin (D:2)
  2 adders (D:2)
  A dart slug (D:1)
  A leopard gecko (D:2)
  A ball python (D:2)
  4 giant cockroaches
  12 goblins
  11 hobgoblins
  7 bats
  A frilled lizard (D:1)
  6 kobolds
  4 rats (D:1)
53 creatures vanquished.

Notes
Turn   | Place    | Note
-------+----------+-------------------------------------------
     0 | D:1      | Azzok the Demonspawn Fire Elementalist began the quest for
                  | the Orb.
     0 | D:1      | Reached XP level 1. HP: 13/13 MP: 3/3
   322 | D:1      | Gained mutation: You are partially covered in rugged brown
                  | scales. (AC +1, +3% HP) [demonic ancestry]
   322 | D:1      | Reached XP level 2. HP: 13/19 MP: 1/5
   819 | D:1      | Gained mutation: You have a pair of small antennae on your
                  | head. [demonic ancestry]
   819 | D:1      | Reached XP level 3. HP: 24/24 MP: 1/6
  1410 | D:1      | Learned a level 3 spell: Conjure Flame
  1461 | D:2      | Reached XP level 4. HP: 5/30 MP: 2/8
  1472 | D:2      | Noticed Robin
  1712 | D:1      | Learned a level 4 spell: Sticky Flame
  1721 | D:2      | Killed Robin
  2686 | D:2      | Found a sacrificial altar of Ru.
  2693 | D:2      | Found a basalt altar of Yredelemnul.
  2806 | D:2      | Gained mutation: You are partially covered in sharp spines.
                  | [demonic ancestry]
  2806 | D:2      | Reached XP level 5. HP: 36/36 MP: 5/9
  2994 | D:2      | Quit the game

Levels and vault maps discovered:
D:1:      lightli_arrival_statuegarden, layout_basic, hex_intersection,
          minmay_fountain_box
D:2:      layout_loops_corners, amethyst_overflow_temple_binary, uniq_robin

Skill      XL: |  1  2  3  4 |
---------------+-------------+-----
Fire Magic     | 3 |  3.6
Conjurations   | 2 |  2.8
Spellcasting   | 3 |  3.2
Dodging        | |  1.7
Stealth        | |  1.7

Action                   |  1- 3 |  4- 6 || total
-------------------------+-------+-------++-------
Melee: Unarmed           |     2 |       ||     2
 Cast: Flame Tongue      |    63 |    41 ||   104
       Sticky Flame      |       |     1 ||     1
  Eat: Chunk             |     2 |     5 ||     7
Armor: Robe              |     4 |     5 ||     9
Dodge: Dodged            |    13 |    17 ||    30

Table legend:
 A = Non-vault XP
 B = Vault XP
 C = Vault XP percentage of total XP
 D = Non-vault monster count
 E = Vault monster count
 F = Vault count percentage of total count
                 A         B        C        D         E       F
            +---------+---------+-------+---------+---------+-------
      Total |     163 |      34 |  17.3 |      42 |      11 |  20.8
            +---------+---------+-------+---------+---------+-------
        D:1 |      44 |       5 |  10.2 |      27 |       3 |  10.0
        D:2 |     119 |      29 |  19.6 |      15 |       8 |  34.8
            +---------+---------+-------+---------+---------+-------
